 Dungeon Crawl Stone Soup version 0.22-a0-223-g0f5d773 (webtiles) character file.

331 vishdafish the Slasher (level 6, 23/48 HPs)
             Began as a Demonspawn Gladiator on Feb 18, 2018.
             Quit the game on level 3 of the Dungeon.
             The game lasted 00:02:58 (2389 turns).

vishdafish the Slasher (Demonspawn Gladiator)       Turns: 2389, Time: 00:02:59

Health: 23/48      AC:  6    Str: 15    XL:     6   Next: 26%
Magic:  15/15      EV: 13    Int: 11    God:
Gold:   170        SH:  0    Dex: 14    Spells: 5/5 levels left

rFire    . . .     SeeInvis .   a - +0 long sword
rCold    . . .     Gourm    .   (no shield)
rNeg     . . .     Faith    .   b - +0 leather armour
rPois    .         Spirit   .   h - +1 helmet
rElec    .         Reflect  .   (no cloak)
rCorr    .         Harm     .   (no gloves)
MR       .....                  (no boots)
Stlth    +.........             (no amulet)
HPRegen  0.16/turn              e - ring of magical power
MPRegen  0.14/turn              (no ring)

@: no status effects
A: talons 1, rugged brown scales 1, rot immunity
a: no special abilities


You were on level 3 of the Dungeon.
You were not hungry.

You visited 1 branch of the dungeon, and saw 3 of its levels.

You collected 170 gold pieces.

Inventory:

Hand Weapons
 a - a +0 long sword (weapon)
Missiles
 d - a throwing net (quivered)
Armour
 b - a +0 leather armour (worn)
 c - a +0 helmet
 h - a +1 helmet (worn)
Jewellery
 e - a ring of magical power (left hand)
Scrolls
 g - a scroll of immolation {unknown}
 i - a scroll of amnesia {unknown}
 l - a scroll of teleportation {unknown}
 m - 2 scrolls of identify {unknown}
 o - a scroll of remove curse
 p - a scroll of magic mapping {unknown}
 q - a scroll of enchant armour
 s - a scroll of fog {unknown}
Potions
 j - a potion of invisibility {unknown}
 k - a potion of brilliance {unknown}
 n - a potion of ambrosia {unknown}
Comestibles
 f - 3 rations


   Skills:
 + Level 3.3 Fighting
 * Level 4.5 Long Blades
 + Level 3.1 Throwing
 + Level 3.7 Dodging


You had 5 spell levels left.
You didn't know any spells.

Dungeon Overview and Level Annotations

Branches:
Dungeon (3/15)

Altars:
Elyvilon
Wu Jian


Innate Abilities, Weirdness & Mutations

You have sharp toenails.
You are partially covered in rugged brown scales. (AC +1, +3% HP)
You are immune to rotting.


Message History

Something hits you. Something shocks you.
You slash something!
Reactivating autopickup.
You have reached level 6!
Your experience leads to an increase in your attributes!
Increase (S)trength, (I)ntelligence, or (D)exterity?
You feel clever.
You feel a bit more experienced.
The quokka bites you but does no damage.
You completely miss the quokka. Your kick misses the quokka.
The quokka bites you but does no damage.
You closely miss the quokka. The quokka barely misses you.
The quokka bites you.
You hit the quokka.
You kill the quokka!
There is an open door, spattered with blood here.
Things that are here:
a quokka corpse; a sky beast corpse
d - a throwing net Are you sure you want to abandon this character and quit the game? (Confirm with "yes".)

.....#≈≈≈≈.#..##.#
....###.≈≈..#.P.P#
.....#≈≈≈≈....(P##
......≈≈≈≈...##PP#
..)..#≈≈≈≈.##.PP##
..).###.≈≈..##.##
)....#..≈≈##.###
.....##############.####
...### #..†.....@.......
##.# #.##.............
#.#####.###.......#####
#.......# ##.....##
##.###### ##...## #.#
##'## #.# #.# #.# #.#
#.#


There were no monsters in sight!

Vanquished Creatures
  An ogre (D:2)
  A sky beast (D:3)
  An orc priest (D:3)
  3 adders (D:2)
  An ooze (D:2)
  2 worms
  6 dart slugs
  4 leopard geckos
  6 orcs (D:3)
  2 ball pythons
  8 goblins
  8 hobgoblins
  3 jackals (D:1)
  A quokka (D:3)
  10 bats
  7 frilled lizards
  9 kobolds
  A quokka zombie (D:2)
  4 rats
78 creatures vanquished.

Notes
Turn   | Place    | Note
-------+----------+-------------------------------------------
     0 | D:1      | vishdafish the Demonspawn Gladiator began the quest for the Orb.
     0 | D:1      | Reached XP level 1. HP: 16/16 MP: 1/1
   256 | D:1      | Gained mutation: You are partially covered in rugged brown scales. (AC +1, +3% HP) [demonic ancestry]
   256 | D:1      | Reached XP level 2. HP: 10/22 MP: 2/2
   452 | D:1      | Reached skill level 3 in Long Blades
   668 | D:1      | Reached XP level 3. HP: 18/28 MP: 3/3
  1258 | D:2      | Found a white marble altar of Elyvilon.
  1393 | D:2      | Found an ornate altar of the Wu Jian Council.
  1431 | D:2      | Gained mutation: You have sharp toenails. [demonic ancestry]
  1431 | D:2      | Reached XP level 4. HP: 31/35 MP: 4/4
  1512 | D:2      | Noticed an ogre
  1518 | D:2      | Killed an ogre
  1518 | D:2      | Reached skill level 4 in Long Blades
  1518 | D:2      | Gained mutation: You are immune to rotting. [demonic ancestry]
  1518 | D:2      | Reached XP level 5. HP: 41/41 MP: 5/5
  2358 | D:3      | Noticed a sky beast
  2377 | D:3      | Killed a sky beast
  2377 | D:3      | Reached XP level 6. HP: 22/48 MP: 6/6
  2389 | D:3      | Quit the game

Vault maps used:
D:1:      mrwooster_arrival_arrow, minmay_tiny_reverse_x
D:2:      lemuel_round_altar, lemuel_round_altar
D:3:      wad_lake_hut, nicolae_underground_beach

Skill      XL: |  1  2  3  4  5 |
---------------+----------------+-----
Long Blades    | 3 4 |  4.5
Throwing       | 2 3 |  3.1
Dodging        | 3 |  3.7
Fighting       | 3 |  3.3

Action                   |  1- 3 |  4- 6 || total
-------------------------+-------+-------++-------
Melee: Long sword        |   107 |   108 ||   215
       Kick              |       |    37 ||    37
Throw: Throwing net      |       |     4 ||     4
  Use: Scroll            |     2 |       ||     2
       Potion            |     1 |       ||     1
 Stab: Sleeping          |     2 |       ||     2
  Eat: Chunk             |     1 |     4 ||     5
Armor: Leather armour    |    32 |    31 ||    63
Dodge: Dodged            |    82 |    64 ||   146
       Rpst.: Long sword |    20 |    14 ||    34

Table legend:
 A = Spawn XP
 B = Non-spawn XP
 C = Spawn XP percentage of total XP
 D = Spawn monster count
 E = Non-spawn monster count
 F = Spawn count percentage of total count
 G = Total turns spent on level
                    A         B        C        D         E        F      G
               +---------+---------+-------+---------+---------+-------+---------
         Total |       0 |     474 |   0.0 |       0 |      78 |   0.0 |  2389
               +---------+---------+-------+---------+---------+-------+---------
           D:1 |       0 |      48 |   0.0 |       0 |      25 |   0.0 |  1206
           D:2 |       0 |     226 |   0.0 |       0 |      35 |   0.0 |   580
           D:3 |       0 |     200 |   0.0 |       0 |      18 |   0.0 |   603
               +---------+---------+-------+---------+---------+-------+---------
